 Dungeon Crawl Stone Soup version 0.17-a0-2073-gde5cdba (webtiles) character file.

18012 brucemayne the Severer (level 12, -1/136 HPs)
             Began as a Demonspawn Berserker on Oct 14, 2015.
             Was a High Priest of Trog.
             Killed from afar by a deep elf knight (17 damage)
             ... with a stone arrow
             ... on level 1 of the Elven Halls.
             The game lasted 00:36:29 (5951 turns).

brucemayne the Severer (Demonspawn Berserker)       Turns: 5951, Time: 00:36:29

Health: -1/136     AC: 14    Str: 27    XL:     12   Next: 23%
Magic:  0/21       EV:  9    Int: 10    God:    Trog [*****.]
Gold:   945        SH:  0    Dex: 19    Spells: 0 memorised, 11 levels left

rFire  + . .     SeeInvis .     m - +0 broad axe (freeze)
rCold  + + +     Clarity  .     N - +1 chain mail "Uckawim" {rF+ rC+++ Regen+ Str+2}
rNeg   . . .     SustAt   .     (no shield)
rPois  .         Gourm    .     (helmet restricted)
rElec  .         Spirit   +     M - +1 cloak {+Inv}
rCorr  .         Warding  .     (no gloves)
rMut   .         Stasis   .     (no boots)
MR     +....                    r - amulet of guardian spirit
Stlth  ..........               J - +5 ring of dexterity
                                s - ring of magical power

@: berserking, drained, very quick, somewhat resistant to hostile enchantments,
extremely unstealthy
A: horns 2, molten scales 1, demonic guardian 1, magic resistance 1, powered by
pain 2
a: Burn Spellbooks, Berserk, Trog's Hand, Brothers in Arms, Renounce Religion,
Evoke Invisibility


You were on level 1 of the Elven Halls.
You worshipped Trog.
Trog was extremely pleased with you.
You were hungry.

You visited 3 branches of the dungeon, and saw 18 of its levels.

You collected 1344 gold pieces.
You spent 399 gold pieces at shops.

Inventory:

Hand Weapons
 a - a +0 hand axe
 k - a +0 blowgun
 m - a +0 broad axe of freezing (weapon)
 B - a +3 flail
 F - a +3 hand axe
 I - a +1 battleaxe
 K - a +0 war axe
 O - a +0 war axe of distortion
Missiles
 l - 18 poisoned needles
 p - 2 silver javelins (quivered)
 q - 7 needles of confusion
 H - 2 throwing nets
Armour
 b - a +0 animal skin
 e - a +0 ring mail
 n - a +0 cloak
 o - a +0 leather armour
 v - a +1 plate armour
 L - a +2 chain mail of fire resistance
 M - a +1 cloak of invisibility (worn)
 N - the +1 chain mail "Uckawim" (worn) {rF+ rC+++ Regen+ Str+2}
   (You bought it in a shop on level 4 of the Orcish Mines)

   It affects your strength (+2).
   It protects you from fire.
   It renders you almost immune to cold.
   It increases your rate of regeneration.
Jewellery
 f - an uncursed amulet of clarity
 h - an uncursed ring of teleportation
 r - an amulet of guardian spirit (around neck)
 s - a ring of magical power (left hand)
 C - an uncursed ring of fire
 G - an uncursed ring of ice
 J - a +5 ring of dexterity (right hand)
Wands
 y - a wand of digging (10)
 E - a wand of slowing (11)
Scrolls
 u - a scroll of enchant armour
 x - a scroll of remove curse
Potions
 d - 2 potions of brilliance {unknown}
 g - 5 potions of lignification
 i - a potion of heal wounds
 w - a potion of cure mutation {unknown}
 z - a potion of cancellation {unknown}
 A - 2 potions of ambrosia {unknown}
 D - 2 potions of might {unknown}
Comestibles
 c - 3 bread rations
 j - 2 chunks of flesh
 t - 2 meat rations


   Skills:
 - Level 7.2(6.6) Fighting
 + Level 15.8(15.1) Axes
 - Level 6.3(5.7) Armour
 - Level 1.7(1.2) Dodging


You had 11 spell levels left.
You didn't know any spells.

Dungeon Overview and Level Annotations

Branches:
Dungeon (13/15)              Lair (0/8) D:8             Orc (4/4) D:10
    Elf (1/3) Orc:3
 Temple: D:4-7       Vaults: D:13-14

Altars:
Elyvilon
Xom

Shops:
D:10 (   Orc:4 (*:[

Annotations:
D:11 exclusion: downstairs
D:12 Azrael


Innate Abilities, Weirdness & Mutations

You have a pair of horns on your head.
You are partially covered in molten scales (AC +1).
A weak demonic guardian rushes to your aid.
You sometimes gain power by taking damage.
You are resistant to hostile enchantments.


Message History

You freeze the demonic crawler.
The demonic crawler is heavily wounded.
The demonic crawler hits you but does no damage. x3
The deep elf summoner casts a spell.
Your two-headed ogre hits the demonic crawler with a giant club!!
Your two-headed ogre hits the demonic crawler with a giant spiked club!!
The demonic crawler dies!
The demonic crawler's corpse disappears in a puff of smoke!
You slice the deep elf knight!! You freeze the deep elf knight.
The deep elf knight is severely wounded.
The deep elf knight hits you but does no damage.
Unknown command.
You closely miss the deep elf knight.
The deep elf knight is severely wounded.
The deep elf conjurer hits your two-headed ogre with a dagger.
Unknown command.
The deep elf knight's shroud bends your attack away!!
The deep elf knight gestures at you while chanting.
The stone arrow hits you!
You die...

#.....# #..⌠..#
#.....#
##.....##
########'######
.....#..)..#...
...?.#))...#...
..⌠..')@.Oe'..⌠
.....#e).r.#...
.....#.e...#...
########r######
##..es.##
#...r.# #..⌠..#
#.)...# #.....#


You could see a deep elf knight, a deep elf summoner, a deep elf conjurer, a
deep elf priest, a redback, 3 hell rats and a friendly two-headed ogre
(berserk).

Vanquished Creatures
  A stone giant (Orc:3)
  Fannar (D:11)
  Harold (D:11)
  2 orc high priests (Orc:4)
  A deep elf summoner (Elf:1)
  A deep elf conjurer (Elf:1)
  5 orc knights
  The ghost of brucemayne the Cleaver, a novice DsBe of Trog (D:8)
  An orc sorcerer (Orc:4)
  Maurice (D:10)
  Psyche (D:12)
  2 kobold demonologists (D:12)
  A deep elf priest (Elf:1)
  2 trolls
  A slime creature (D:12)
  2 shadows (D:12)
  A trapdoor spider (D:12)
  A wyvern (D:12)
  3 yaks (D:12)
  A wraith (D:11)
  A mottled dragon (D:11)
  A basilisk (D:12)
  21 orc warriors
  3 wargs
  3 wasps
  A sky beast (D:7)
  8 ogres
  3 centaurs (D:12)
  4 giant frogs
  2 scorpions
  2 killer bees
  12 orc priests
  A crimson imp (D:6)
  3 giant frog zombies
  2 hounds
  Ijyb (D:2)
  A jelly (D:9)
  3 iguanas
  20 orc wizards
  A killer bee zombie (D:9)
  2 worker ants
  2 hound skeletons
  10 adders
  A shadow imp (D:10)
  110 orcs
  2 ball pythons
  4 giant cockroaches
  A goblin (D:2)
  4 quokkas
  3 giant newts
  3 jackals (D:4)
  A jackal skeleton (D:5)
  5 kobolds
  2 rats
  A crawling corpse (Elf:1)
  3 fungi (Orc:4)
277 creatures vanquished.

Vanquished Creatures (collateral kills)
  An orc warlord (Orc:4)
  An orc knight (Orc:4)
  The ghost of Skaffen the Ruffian, a novice NaTm (D:4)
  A two-headed ogre (D:11)
  A deep elf priest (Elf:1)
  A deep elf fighter (Elf:1)
  A warg (Orc:4)
  5 orc warriors (Orc:4)
  A phantom (D:10)
  An ogre (D:6)
  A centaur (D:5)
  2 giant frogs (D:11)
  An orc wizard (Orc:2)
  A giant frog skeleton (D:4)
  A worker ant (D:4)
  A centaur skeleton (D:11)
  An orc priest (Orc:4)
  An adder (D:11)
  13 orcs
  A crawling corpse (Elf:1)
37 creatures vanquished.

Vanquished Creatures (others)
  Kirke (D:12)
  A yak (D:12)
  3 humans (D:12)
  A hog (D:12)
  A jelly (D:12)
  A shadow imp (D:12)
  3 orcs (D:12)
  A fungus (Orc:4)
12 creatures vanquished.

Grand Total: 326 creatures vanquished

Notes
Turn   | Place    | Note
--------------------------------------------------------------
     0 | D:1      | brucemayne the Demonspawn Berserker began the quest for the Orb.
     0 | D:1      | Reached XP level 1. HP: 18/18 MP: 1/1
    57 | D:2      | Noticed Ijyb
    68 | D:2      | Killed Ijyb
    68 | D:2      | Gained mutation: A weak demonic guardian rushes to your aid. [demonic ancestry]
    68 | D:2      | Reached XP level 2. HP: 18/24 MP: 2/2
    68 | D:2      | Gained mutation: You have a pair of small horns on your head. [demonic ancestry]
    68 | D:2      | Reached XP level 3. HP: 21/29 MP: 3/3
   176 | D:2      | Reached skill level 4 in Axes
   274 | D:3      | Reached XP level 4. HP: 30/35 MP: 4/4
   278 | D:3      | Reached skill level 5 in Axes
   327 | D:3      | Reached ** piety under Trog
   369 | D:3      | Noticed an ogre
   374 | D:3      | HP: 1/52 [ogre/giant club (24)]
   376 | D:3      | Killed an ogre
   376 | D:3      | Reached XP level 5. HP: 1/41 MP: 5/5
   482 | D:3      | Reached skill level 6 in Axes
   604 | D:4      | Gained mutation: You sometimes gain a little power by taking damage. [demonic ancestry]
   604 | D:4      | Reached XP level 6. HP: 34/47 MP: 6/6
   639 | D:4      | Noticed Skaffen's ghost (novice NaTm)
   735 | D:4      | Killed Skaffen's ghost
   735 | D:4      | Reached skill level 7 in Axes
   735 | D:4      | Gained mutation: You have a pair of horns on your head. [demonic ancestry]
   735 | D:4      | Reached XP level 7. HP: 24/52 MP: 4/7
   817 | D:5      | Entered Level 5 of the Dungeon
  1032 | D:5      | Reached skill level 8 in Axes
  1514 | D:4      | Found a white marble altar of Elyvilon.
  1534 | D:5      | Reached skill level 9 in Axes
  1534 | D:5      | Reached XP level 8. HP: 49/58 MP: 8/8
  1607 | D:7      | Gained mutation: You are resistant to hostile enchantments. [mutagenic meat]
  1612 | D:8      | Found a staircase to the Lair.
  1632 | D:8      | Noticed brucemayne's ghost (novice DsBe)
  1650 | D:8      | Killed brucemayne's ghost
  1650 | D:8      | Reached skill level 10 in Axes
  1798 | D:10     | Entered Level 10 of the Dungeon
  1901 | D:9      | Reached *** piety under Trog
  2040 | D:11     | Paralysed by a wasp for 1 turns
  2082 | D:12     | Noticed a six-headed hydra
  2096 | D:11     | Reached XP level 9. HP: 60/65 MP: 9/9
  2099 | D:11     | Noticed Harold
  2114 | D:11     | Killed Harold
  2114 | D:11     | Reached skill level 5 in Fighting
  2164 | D:11     | Noticed Fannar
  2170 | D:11     | Paralysed by a wasp for 3 turns
  2175 | D:11     | Reached skill level 5 in Armour
  2203 | D:11     | Killed Fannar
  2269 | D:12     | Noticed a purple ugly thing
  2532 | D:10     | Noticed an orc knight
  2703 | D:10     | Noticed Maurice
  2753 | D:10     | Killed Maurice
  2753 | D:10     | Gained mutation: You are partially covered in molten scales (AC +1). [demonic ancestry]
  2753 | D:10     | Reached XP level 10. HP: 79/79 MP: 10/10
  2879 | D:11     | Noticed a two-headed ogre
  2887 | D:11     | Killed a two-headed ogre
  2931 | D:11     | Reached skill level 11 in Axes
  2960 | D:12     | Noticed Psyche
  2977 | D:12     | Killed Psyche
  3047 | D:12     | Noticed a kobold demonologist
  3050 | D:12     | Killed Kirke
  3057 | D:12     | Noticed a sixfirhy
  3060 | D:12     | Killed a kobold demonologist
  3226 | D:12     | Noticed a brown ugly thing
  3245 | D:12     | Reached skill level 12 in Axes
  3415 | D:12     | Found a shimmering altar of Xom.
  3429 | D:12     | Noticed a slime creature
  3443 | D:12     | Killed a slime creature
  3485 | D:12     | Noticed a kobold demonologist
  3516 | D:12     | Killed a kobold demonologist
  3576 | D:12     | Noticed Azrael
  3799 | D:10     | Found a staircase to the Orcish Mines.
  3799 | D:10     | Found Voelui's Weapon Shop.
  3822 | D:10     | Killed an orc knight
  3822 | D:10     | Reached skill level 13 in Axes
  3822 | D:10     | Reached XP level 11. HP: 84/84 MP: 11/11
  3840 | D:10     | Reached **** piety under Trog
  3852 | D:10     | Bought a +0 war axe for 35 gold pieces
  3885 | Orc:1    | Entered Level 1 of the Orcish Mines
  4276 | Orc:3    | Noticed a stone giant
  4280 | Orc:4    | Entered Level 4 of the Orcish Mines
  4285 | Orc:4    | Reached ***** piety under Trog
  4429 | Orc:1    | Received a gift from Trog
  4673 | Orc:4    | Noticed an orc high priest
  4688 | Orc:4    | Noticed an orc warlord
  4698 | Orc:4    | Noticed an orc high priest
  4896 | Orc:4    | Killed an orc warlord
  4896 | Orc:4    | Reached skill level 14 in Axes
  4947 | Orc:4    | Killed an orc high priest
  4965 | Orc:4    | Found Curch's Antique Weapon Boutique.
  5025 | Orc:4    | Killed an orc high priest
  5043 | Orc:4    | Found Heptisch's General Store.
  5158 | Orc:4    | Reached skill level 15 in Axes
  5345 | Orc:4    | Found Sejyla's Book Boutique.
  5381 | Orc:4    | Found Beneeh's Antique Armour Boutique.
  5413 | Orc:4    | Bought an embroidered cloak for 117 gold pieces
  5423 | Orc:4    | Bought a jasper-studded chain mail for 247 gold pieces
  5433 | Orc:4    | Identified the +1 chain mail "Uckawim" {rF+ rC+++ Regen+ Str+2} (You bought it in a shop on level 4 of the Orcish Mines)
  5491 | Orc:4    | Gained mutation: You sometimes gain power by taking damage. [demonic ancestry]
  5491 | Orc:4    | Reached XP level 12. HP: 91/91 MP: 12/12
  5852 | Orc:3    | Found a staircase to the Elven Halls.
  5874 | Orc:3    | Killed a stone giant
  5936 | Elf:1    | Entered Level 1 of the Elven Halls
  5939 | Elf:1    | Received a gift from Trog
  5951 | Elf:1    | Killed from afar by a deep elf knight

Vault maps used:
D:1:      tarquinn_simple_flora_water_d
D:2:      uniq_robin, uniq_iyjb, uniq_terence, uniq_jessica
D:3:      first_bread
D:4:      lemuel_upstairs_altar
D:5:      temple_fountains
D:6:      small_statue_intersection
D:7:      grunt_temple_overflow_open
D:8:      lair_0_dummy, grunt_ogre_cave, hangedman_decor_clover_reticule
D:9:      uniq_grum
D:10:     orc_david_3, uniq_maurice
D:11:     uniq_fannar, uniq_harold
D:12:     serial_shops, shop, xom_confusion_cloud, uniq_azrael, uniq_kirke,
          uniq_psyche, uniq_rupert, uniq_sonja
D:13:     grunt_decor_clamped, uniq_josephine
Orc:1:    nicolae_orc_crystal_geode
Orc:3:    nicolae_orc_pool_cavern
Orc:4:    grunt_orc_gardens, grunt_orc_garden, grunt_orc_garden,
          grunt_orc_garden, grunt_orc_garden, nicolae_orc_rockfall
Elf:1:    minmay_elf_arrival_plus, hangedman_elf_represent, dk_noncrumbling_3,
          spider_trap, solitary_fountain

Action                   |  1- 3 |  4- 6 |  7- 9 | 10-12 || total
-------------------------+-------+-------+-------+-------++-------
Melee: Hand axe          |    39 |    57 |   231 |   245 ||   572
       Broad axe         |       |       |       |   152 ||   152
       War axe           |       |       |       |    86 ||    86
 Fire: Blowgun           |       |     7 |     9 |     6 ||    22
Invok: Berserk           |     3 |     3 |     8 |    16 ||    30
       Trog's Hand       |       |     1 |     4 |    17 ||    22
       Brothers in Arms  |       |       |       |     4 ||     4
Evoke: Wand              |       |       |       |     2 ||     2
  Use: Scroll            |       |     4 |     8 |     3 ||    15
       Potion            |       |       |     1 |     1 ||     2
 Stab: Sleeping          |       |     1 |       |       ||     1
       Distracted        |       |     1 |     1 |     9 ||    11
  Eat: Chunk             |       |     5 |    11 |    14 ||    30
       Bread ration      |       |       |     1 |     2 ||     3
       Pizza             |       |       |     1 |       ||     1
       Meat ration       |       |       |       |     1 ||     1
       Royal jelly       |       |       |       |     1 ||     1
